Match 41583581
Unlisted

Match 41583581
End
Kettenkrad Recon Vehicle
Construct Infanterie Kompanie
Selects Mechanized Battlegroup
MG 42 Machine Gun Team
Grenadier Squad
Grenadier Squad
Construct Panzergrenadier Kompanie
251 Medium Carrier
251 Medium Carrier
Selects Mobile Repair Stations
Panzergrenadier Squad
Panzergrenadier Squad
Panzergrenadier Officer Quarters
Selects Wespe Self-propelled Artillery
Pioneer Squad
Forward Retreat Point
Medical Bunker
Pioneer Squad
Selects Raid Package
Construct Luftwaffe Kompanie
Support Elements
Marder III M Tank Destroyer
Marder III M Tank Destroyer
Marder III M Tank Destroyer
Marder III M Tank Destroyer
Selects Zeroing Artillery Barrage
Luftwaffe Officer Quarters
Marder III M Tank Destroyer
Zeroing Artillery Barrage
Pioneer Squad
Marder III M Tank Destroyer
Zeroing Artillery Barrage
Pioneer Squad
Selects StuG Assault Group
Selects Panther Heavy Tank
Panther Heavy Tank
Panther Heavy Tank
Zeroing Artillery Barrage
Repair Bunker
Panther Heavy Tank
Panther Heavy Tank
Wirbelwind Flakpanzer
Panther Heavy Tank
Zeroing Artillery Barrage
Panther Heavy Tank
wila
COLYT
LittleFatty233
[VN]淮城的丽Anh yêu em
이상한나라의 솜사탕
make a sparkling water
NaRDo627
Diter Rams
0
0

Comments sign in to comment!

No comments posted yet!